 Dungeon Crawl Stone Soup version 0.21-a0-243-g597973d (webtiles) character file.

61 Pippin the Skirmisher (level 3, -12/33 HPs)
             Began as a Mummy Wanderer on Sept 4, 2017.
             Mangled by a redback (14 damage)
             ... on level 2 of the Dungeon.
             The game lasted 00:04:10 (8596 turns).

Pippin the Skirmisher (Mummy Wanderer)              Turns: 8596, Time: 00:04:10

Health: -12/33     AC:  3    Str: 13    XL:     3   Next: 83%
Magic:  3/3        EV: 10    Int: 12    God:
Gold:   127        SH:  0    Dex: 13    Spells: 2/2 levels left

rFire    x . .     SeeInvis .   g - +0 mace
rCold    + . .     Gourm    .   (no shield)
rNeg     + + +     Faith    .   h - +0 leather armour
rPois    ∞         Spirit   .   (no helmet)
rElec    .         Reflect  .   (no cloak)
rCorr    .         Harm     .   (no gloves)
MR       .....                  (no boots)
Stlth    ++........             (no amulet)
HPRegen  0.11/turn              (no ring)
MPRegen  0.08/turn              (no ring)

@: no status effects
A: no food or potions, fire vulnerability, cold resistance 1, negative energy
resistance 3, torment resistance, unbreathing
a: no special abilities


You were on level 2 of the Dungeon.
You were not hungry.

You visited 1 branch of the dungeon, and saw 2 of its levels.

You collected 127 gold pieces.

Inventory:

Hand Weapons
 d - a +0 shortbow
 f - a +3 dagger of draining
 g - a +0 mace (weapon)
Missiles
 e - 53 arrows
Armour
 h - a +0 leather armour (worn)
Scrolls
 a - a scroll of identify {unknown}
 b - 2 scrolls of blinking
 c - 2 scrolls of teleportation
 i - a scroll of amnesia {unknown}
 j - a scroll of enchant weapon {unknown}


   Skills:
 - Level 5.0 Fighting
 + Level 2.8 Maces & Flails
 - Level 1.0 Bows
 - Level 1.5 Throwing
 - Level 1.5 Stealth
 - Level 0.2 Spellcasting


You had 2 spell levels left.
You didn't know any spells.

Dungeon Overview and Level Annotations

Branches:
Dungeon (2/15)

Altars:
Trog
The Shining One


Innate Abilities, Weirdness & Mutations

You do not eat or drink.
Your flesh is vulnerable to fire.
You are immune to poison.
Your flesh is cold resistant. (rC+)
You are immune to negative energy. (rN+++)
You are immune to unholy pain and torment.
You can survive without breathing.


Message History

Found a rapier.
The redback bites you!
You hit the redback.
The redback is moderately wounded.
The redback bites you! The redback bites you.
* * * LOW HITPOINT WARNING * * *
You are too injured to fight recklessly!
You are too injured to fight recklessly!
You are too injured to fight recklessly!
A redback is nearby!
You barely miss the redback.
The redback is lightly wounded.
The redback bites you.
* * * LOW HITPOINT WARNING * * *
The redback bites you.
* * * LOW HITPOINT WARNING * * *
You hit the redback.
The redback is moderately wounded.
The redback completely misses you. The redback bites you!
You die...

#...# #.# ###
###.# ##.. ..#
#%# ...## #.# #.#
#....##.# #.# #).
#.#.# #.#
#..###..#####.#
#.#.#.........#
###.s@.##.#######
............#
#############


You could see a redback.

Vanquished Creatures
  An ooze (D:1)
  6 leopard geckos (D:1)
  2 ball pythons
  8 bats (D:1)
  8 hobgoblins
  6 jackals (D:1)
  4 kobolds (D:1)
  2 frilled lizards
  5 goblins
  A rat (D:1)
43 creatures vanquished.

Notes
Turn   | Place    | Note
-------+----------+-------------------------------------------
     0 | D:1      | Pippin the Mummy Wanderer began the quest for the Orb.
     0 | D:1      | Pippin set off with: a +2 dagger, a scroll of blinking, a scroll of teleportation, a +0 shortbow, 27 arrows, a +0 robe
     0 | D:1      | Reached XP level 1. HP: 21/21 MP: 1/1
   147 | D:1      | Reached skill level 1 in Maces & Flails
   202 | D:1      | Reached XP level 2. HP: 10/27 MP: 2/2
  1066 | D:1      | Reached XP level 3. HP: 32/33 MP: 3/3
  8481 | D:1      | Noticed a redback
  8482 | D:1      | Noticed a redback
  8491 | D:2      | Found a glowing golden altar of the Shining One.
  8563 | D:2      | Found a bloodstained altar of Trog.
  8590 | D:2      | Noticed a redback
  8596 | D:2      | Mangled by a redback

Vault maps used:
D:1:      dpeg_arrival_lava_temple_mockup
D:2:      nicolae_overflow_hidden_temple, old_standard_altar, bloody_trog,
          first_bread, uniq_terence

Skill      XL: |  1  2 |
---------------+-------+-----
Maces & Flails | 1 2 |  2.8
Fighting       | |  5.0
Bows           | |  1.0
Throwing       | |  1.5
Stealth        | |  1.5
Spellcasting   | |  0.2

Action                   || total
-------------------------++-------
Melee: Mace              ||    95
       Dagger            ||    26
 Stab: Sleeping          ||     2
       Distracted        ||     1
Armor: Robe              ||    16
       Leather armour    ||    37
Dodge: Dodged            ||    87

Table legend:
 A = Spawn XP
 B = Non-spawn XP
 C = Spawn XP percentage of total XP
 D = Spawn monster count
 E = Non-spawn monster count
 F = Spawn count percentage of total count
 G = Total turns spent on level
                    A         B        C        D         E        F      G
               +---------+---------+-------+---------+---------+-------+---------
         Total |      47 |      41 |  53.4 |      22 |      21 |  51.2 |  8596
               +---------+---------+-------+---------+---------+-------+---------
           D:1 |      47 |      34 |  58.0 |      22 |      17 |  56.4 |  8482
           D:2 |       0 |       7 |   0.0 |       0 |       4 |   0.0 |   114
               +---------+---------+-------+---------+---------+-------+---------
